 Dungeon Crawl Stone Soup version 0.19-a0-650-gab89c2a (webtiles) character file.

823 Musica the Conjurer (level 7, 0/41 HPs)
             Began as an Octopode Fire Elementalist on June 15, 2016.
             Killed by divine providence
             ... invoked by an orc priest
              (10 damage)
             ... on level 5 of the Dungeon.
             The game lasted 00:19:11 (4693 turns).

Musica the Conjurer (Octopode Fire Elementalist)    Turns: 4693, Time: 00:19:12

Health: 0/41       AC:  1    Str:  8    XL:     7   Next: 96%
Magic:  11/22      EV: 12    Int: 19    God:
Gold:   332        SH:  0    Dex: 12    Spells: 3 memorised, 8 levels left

rFire  . . .     SeeInvis .     l - +2 flail (crush)
rCold  . . .     Gourm    .     (no shield)
rNeg   . . .     Faith    .     (helmet restricted)
rPois  .         Spirit   .     (no amulet)
rElec  .         Dismiss  .     u - ring of magical power
rCorr  .         Reflect  .     (no ring)
SustAt .         Harm     .     (no ring)
MR     .....                    (no ring)
Stlth  +++.......               (no ring)
                                (no ring)
                                (no ring)
                                (no ring)

@: not resistant to hostile enchantments, fairly stealthy
A: almost no armour, amphibious, 8 rings, constrict 8, camouflage 1, gelatinous
body 1
a: no special abilities


You were on level 5 of the Dungeon.
You were not hungry.

You visited 1 branch of the dungeon, and saw 5 of its levels.

You collected 332 gold pieces.

Inventory:

Hand Weapons
 g - a +0 dagger
 l - a +2 flail of crushing (weapon)
 t - a +2 dagger of venom
Missiles
 c - a throwing net (quivered)
 p - 44 poisoned needles
 v - 3 tomahawks
Jewellery
 h - an uncursed ring of fire {unknown}
 m - an uncursed amulet of harm
 u - a ring of magical power (left tentacle)
Wands
 w - a wand of flame (48/48)
Scrolls
 i - 6 scrolls of identify
 o - 3 scrolls of fog
 q - a scroll of remove curse
 r - a scroll of recharging
 s - a scroll of teleportation
 x - a scroll of amnesia {unknown}
 y - a scroll of enchant weapon {unknown}
 z - a scroll of noise {unknown}
Potions
 d - 3 potions of brilliance {unknown}
 e - a potion of cure mutation {unknown}
 j - 2 potions of might {unknown}
 k - a potion of flight {unknown}
 n - a potion of haste {unknown}
Books
 a - a book of Flames

   Spells                             Type                      Level
   a - Flame Tongue                   Conjuration/Fire             1
   b - Throw Flame                    Conjuration/Fire             2
   c - Conjure Flame                  Conjuration/Fire             3
   d - Inner Flame                    Hexes/Fire                   3
   e - Sticky Flame                   Conjuration/Fire             4
   f - Fireball                       Conjuration/Fire             5
Comestibles
 b - 4 bread rations
 f - 4 beef jerkies


   Skills:
 + Level 1.1 Maces & Flails
 - Level 2.0 Dodging
 - Level 2.6 Stealth
 + Level 4.2 Spellcasting
 * Level 5.6 Conjurations
 + Level 5.6 Fire Magic


You had 8 spell levels left.
You knew the following spells:

 Your Spells              Type           Power        Failure   Level  Hunger
a - Flame Tongue          Conj/Fire      ####.        1%          1    None
b - Throw Flame           Conj/Fire      ####..       1%          2    #......
c - Conjure Flame         Conj/Fire      ####....     4%          3    ###....


Dungeon Overview and Level Annotations

Branches:
Dungeon (5/15)
 Temple: D:4-7

Altars:
Cheibriados
Fedhas
Okawaru
Ru
Sif Muna
Vehumet
Yredelemnul
Zin


Innate Abilities, Weirdness & Mutations

You cannot wear most types of armour.
You are amphibious.
You can wear up to eight rings at the same time.
You can use your tentacles to constrict eight enemies at once.
Your skin changes colour to match your surroundings (Stealth+).
Your rubbery body absorbs attacks. (AC +1)


Message History

An orc priest comes into view. It is wielding a short sword.
Casting: Flame Tongue
Confirm with . or Enter, or press ? or * to list all spells.
Aiming: Throw Flame
Press: ? - help, Shift-Dir - straight line, f - orc priest
Aim: an orc priest, wielding a hand axe and wearing a leather armour The puff of flame hits the orc priest.
The orc priest is moderately wounded.
The orc priest shouts!
The orc priest mumbles some strange prayers to Beogh against you.
Beogh smites you!
Unknown command.
You open the door.
Found a rapier.
The orc priest invokes the aid of Beogh against you.
Beogh smites you!
* * * LOW HITPOINT WARNING * * *
The orc priest invokes the aid of Beogh against you.
Beogh smites you!
You die...

#...)....#### #......(....#
#.........# #.........#
#....o....# #....)....#
#.>.......#
#.......o.######..
+.........@)......
#.........#########
#.........+ ...#<#
#.........# #.#.#
#.........# #...#+####
#.........# #........+###
#.........#####..(.........
#..............+............
#...........####............


You could see 2 orc priests.

Vanquished Creatures
  3 ogres
  A giant frog (D:4)
  2 scorpions
  3 orc priests (D:5)
  A giant frog skeleton (D:4)
  A centaur skeleton (D:4)
  2 worker ants
  8 adders
  3 gnolls (D:3)
  4 oozes
  6 worms
  2 dart slugs
  2 giant geckos
  6 orcs
  3 giant cockroaches
  5 goblins
  9 hobgoblins
  A quokka (D:2)
  5 bats
  4 giant newts
  A jackal skeleton (D:4)
  8 kobolds
  10 rats
  A spectral orc (D:4)
91 creatures vanquished.

Notes
Turn   | Place    | Note
--------------------------------------------------------------
     0 | D:1      | Musica the Octopode Fire Elementalist began the quest for the Orb.
     0 | D:1      | Reached XP level 1. HP: 11/11 MP: 3/3
   325 | D:1      | Reached XP level 2. HP: 17/17 MP: 0/5
   719 | D:1      | Reached XP level 3. HP: 21/21 MP: 4/6
   723 | D:1      | Learned a level 2 spell: Throw Flame
   727 | D:1      | Learned a level 3 spell: Conjure Flame
  1165 | D:3      | Reached XP level 4. HP: 14/27 MP: 3/7
  1454 | D:2      | Found a blossoming altar of Fedhas.
  1632 | D:3      | Reached XP level 5. HP: 28/31 MP: 3/9
  1758 | D:3      | Found an iron altar of Okawaru.
  1758 | D:3      | Found a snail-covered altar of Cheibriados.
  1763 | D:3      | Found a deep blue altar of Sif Muna.
  1763 | D:3      | Found a radiant altar of Vehumet.
  1980 | D:3      | Found a sacrificial altar of Ru.
  2949 | D:4      | Noticed an ogre
  2965 | D:4      | Killed an ogre
  2965 | D:4      | Reached XP level 6. HP: 36/36 MP: 0/11
  3114 | D:5      | Entered Level 5 of the Dungeon
  3660 | D:4      | Reached XP level 7. HP: 41/41 MP: 12/12
  3778 | D:4      | Reached skill level 1 in Maces & Flails
  3778 | D:4      | Reached skill level 5 in Conjurations
  3778 | D:4      | Reached skill level 5 in Fire Magic
  3823 | D:4      | Found a basalt altar of Yredelemnul.
  4131 | D:4      | Found a glowing silver altar of Zin.
  4693 | D:5      | Killed from afar by an orc priest

Vault maps used:
D:1:      mainiacjoe_arrival_reflecting_pool
D:2:      nicolae_overflow_hidden_temple
D:3:      kennysheep_six_static_rooms, grunt_temple_overflow_open,
          lemuel_crystal_altar, minmay_misc_feat_square
D:4:      yredelemnul_forgotten_temple_becter, overflow_temple_1_default,
          first_bread
D:5:      kennysheep_pointless_box

Skill      XL: |  1  2  3  4  5  6  7 |
---------------+----------------------+-----
Conjurations   | 2 3 4 5 |  5.6
Fire Magic     | 4 5 |  5.6
Spellcasting   | 3 4 |  4.2
Maces & Flails | 1 |  1.1
Dodging        | |  2.0
Stealth        | |  2.6

Action                   |  1- 3 |  4- 6 |  7- 9 || total
-------------------------+-------+-------+-------++-------
Melee: Unarmed           |     2 |       |       ||     2
       Tentacles         |     4 |     4 |       ||     8
       Dagger            |     5 |     1 |       ||     6
       Constrict         |     3 |     3 |       ||     6
       Flail             |       |    14 |       ||    14
 Cast: Flame Tongue      |    45 |   103 |    36 ||   184
       Conjure Flame     |       |     6 |     1 ||     7
       Throw Flame       |       |     1 |     6 ||     7
  Use: Scroll            |       |     2 |     4 ||     6
       Potion            |       |     1 |       ||     1
 Stab: Sleeping          |     2 |     3 |       ||     5
  Eat: Chunk             |     1 |     3 |     1 ||     5
       Meat ration       |       |     1 |       ||     1
       Fruit             |       |     4 |       ||     4
Armor: Skin              |     1 |     6 |     1 ||     8
Dodge: Dodged            |     7 |    28 |     9 ||    44
